Map: 2000 Atmospheres LE

Players

ByuN

  • Race: Terran Terran

Astrea - Winner!

  • Race: Protoss Protoss
  • League: Master

VOD

Have the link to the VOD?

Description

Time

  • Played on: Sept. 3, 2021, 9:30 p.m.
  • Length: 16:55
Show
View Real Time Build Order
Export as new Build Order

ByuN Terran 

Build Orders:  

Get SALT Encoding   

  12  0:00  SCV  
  13  0:12  SCV  
  14  0:16  Supply Depot  
  14  0:24  SCV  
  15  0:38  SCV  
  15  0:40  Barracks  
  15  0:42  Refinery  
  16  0:50  SCV  
  17  1:02  SCV  
  18  1:14  SCV  
  19  1:26  Marine  
  19  1:27  Orbital Command  
  20  1:45  Barracks Tech Lab  
  20  1:49  Command Center  
  20  1:54  Supply Depot  
  20  1:57  SCV  
  21  2:04  Marauder  
  21  2:07  Concussive Shells  
  23  2:16  SCV  
  23  2:19  Barracks  
  24  2:25  Marauder  
  24  2:28  SCV  
  27  2:35  Barracks  
  27  2:40  SCV  
  28  2:46  Marine  
  28  2:50  Stimpack  
  29  2:53  SCV  
  30  3:02  Orbital Command  
  30  3:05  SCV  
  31  3:06  Marine  
  31  3:07  Barracks Reactor  
  32  3:17  SCV  
  32  3:19  Refinery  
  33  3:22  Barracks Reactor  
  33  3:25  Marine  
  34  3:29  SCV x2  
  36  3:35  Engineering Bay  
  36  3:37  Supply Depot  
  36  3:41  SCV x2  
  37  3:44  Marine x3  
  41  3:53  SCV x2  
  43  3:58  Marine x2  
  43  4:01  Terran Infantry Weapons Level 1  
  43  4:02  Marine x3  
  47  4:05  SCV  
  47  4:06  SCV  
  47  4:09  Bunker  
  50  4:13  Factory  
  50  4:17  SCV  
  50  4:18  SCV  
  50  4:19  Marine x2  
  54  4:28  Refinery  
  54  4:29  Combat Shield  
  54  4:39  Supply Depot  
  54  4:42  Marine x2, SCV  
  54  4:43  Marauder, SCV  
  54  4:44  Supply Depot, Marine x2  
  62  4:58  Factory Reactor  
  62  4:59  Starport  
  62  5:00  SCV x2  
  62  5:03  Supply Depot, Marine x2  
  62  5:04  Marine  
  62  5:05  Marine  
  68  5:09  Marauder  
  68  5:12  SCV x2  
  72  5:15  Supply Depot  
  72  5:25  SCV x2  
  72  5:27  Marine  
  72  5:28  Marine x2  
  77  5:30  Marauder  
  77  5:33  Marine  
  80  5:36  Refinery  
  80  5:37  SCV x2  
  82  5:43  Factory Tech Lab  
  82  5:48  Supply Depot, Medivac  
  82  5:49  Medivac  
  86  5:55  Terran Infantry Armor Level 1, Marine x4  
  86  5:59  Marauder  
  86  6:03  Siege Tank  
  90  6:07  SCV x2  
  86  6:12  Marine  
  86  6:13  Marine x3  
  90  6:23  Medivac x2  
  94  6:29  Marauder  
  94  6:31  Supply Depot  
  96  6:34  Command Center, Marine x2  
  96  6:35  Marine  
  100  6:43  Siege Tank  
  100  6:47  Supply Depot  
  102  6:51  Marauder  
  101  6:58  Marine x4  
  105  7:02  Viking x2  
  109  7:09  SCV x2  
  109  7:10  Barracks  
  109  7:11  Barracks  
  109  7:15  Siege Tank  
  114  7:20  Supply Depot  
  114  7:21  Supply Depot, SCV x2  
  116  7:27  Marauder  
  118  7:35  Marine  
  118  7:39  Marine x2  
  118  7:40  Marine  
  118  7:41  SCV x2  
  118  7:44  Viking x2  
  125  7:52  Supply Depot  
  125  7:53  Supply Depot, Orbital Command  
  125  7:54  SCV x2  
  125  7:58  Barracks Tech Lab x2  
  126  8:03  Marauder, Marine x3  
  131  8:06  SCV  
  131  8:07  SCV  
  131  8:12  Siege Tank  
  135  8:14  Missile Turret  
  135  8:15  Missile Turret  
  135  8:19  Marauder  
  137  8:21  Marauder  
  137  8:23  SCV x2  
  137  8:25  SCV  
  142  8:34  Marauder  
  144  8:39  Marine  
  144  8:40  Marauder, Marine x3  
  150  8:42  Marauder  
  149  8:51  SCV x3  
  150  8:59  Marauder  
  150  9:01  Marine x2  
  150  9:02  Marauder  
  156  9:03  Marine x2, SCV x3  
  156  9:04  Marauder  
  163  9:10  Viking  
  165  9:19  Supply Depot  
  165  9:20  Supply Depot  
  165  9:22  Supply Depot  
  165  9:24  Supply Depot, Viking  
  165  9:25  Siege Tank  
  163  9:35  Marauder  
  165  9:40  Marine x4  
  165  9:41  Marauder x2  
  153  9:57  Marauder, Siege Tank  
  153  9:58  Marine x3  
  140  10:02  Marauder  
  140  10:05  Marauder  
  135  10:07  Marine  
  135  10:09  SCV x2  
  132  10:16  Marine  
  132  10:17  Marine x2  
  132  10:18  Marauder  
  132  10:20  Refinery  
  137  10:23  Ghost Academy, Marauder  
  137  10:25  Marine  
  137  10:26  Marauder, Medivac x2  
  146  10:34  Marine  
  146  10:35  Marine x2  
  149  10:39  Marauder  
  148  10:43  Marine  
  148  10:45  Marauder  
  148  10:48  Marauder  
  127  10:51  Marine  
  127  10:52  Siege Tank, Marine  
  127  10:53  Marine  
  122  11:01  Marauder, Marine  
  125  11:06  Marauder  
  125  11:08  Ghost  
  125  11:09  Marine, Refinery x2  
  125  11:10  Marine x2  
  132  11:17  Liberator x2  
  138  11:21  Ghost  
  138  11:25  Siege Tank  
  143  11:27  Ghost, Marine  
  143  11:28  Enhanced Shockwaves  
  146  11:35  Marine  
  146  11:38  Marauder  
  149  11:43  Marine  
  148  11:51  Marauder  
  147  11:56  Marauder  
  147  11:59  Marauder  
  147  12:00  Marine x2  
  147  12:01  Marine x2  
  151  12:02  Siege Tank  
  155  12:12  Marauder  
  155  12:13  SCV x2  
  153  12:17  Marauder, Missile Turret  
  153  12:20  Marauder  
  153  12:22  Marine x3  
  158  12:23  Marine  
  158  12:25  SCV  
  162  12:31  Command Center  
  162  12:34  Marauder, Viking  
  162  12:35  Siege Tank  
  162  12:36  Medivac  
  171  12:39  Marauder  
  171  12:42  Marauder  
  175  12:50  Marine x3  
  178  12:55  Marauder  
  180  13:00  Marauder  
  180  13:03  Marauder  
  176  13:08  Marine x4  
  176  13:09  Siege Tank  
  176  13:12  Medivac  
  168  13:16  Marauder  
  167  13:22  Marauder  
  167  13:24  Ghost  
  167  13:25  Marine  
  167  13:26  Marine x2, Medivac  
  142  13:36  Marine  
  142  13:38  Marauder  
  123  13:41  Siege Tank, Medivac  
  123  13:42  Marine  
  123  13:43  Marine x2  
  131  13:50  Marine  
  131  13:53  Marauder  
  131  13:54  Marine  
  115  14:05  Marauder x2  
  113  14:13  Siege Tank, Marine x2  
  113  14:14  Marine x2  
  112  14:19  Marauder  
  114  14:26  Marauder x2, SCV x2  
  114  14:27  SCV  
  114  14:31  Marine  
  122  14:40  Ghost  
  122  14:44  Marine  
  128  14:45  Siege Tank  
  128  14:47  Ghost x2, Marine  
  128  14:48  Marine  
  134  15:00  Marine  
  134  15:02  Marine  
  134  15:04  Marine  
  134  15:06  Marine  
  118  15:08  Ghost  
  118  15:16  Marauder x2  
  118  15:17  Siege Tank  
  118  15:18  Marine  
  118  15:20  Marine  
  109  15:26  Marine x2  
  101  15:29  Viking x2  
  98  15:37  Marauder x2, Marine  
  98  15:38  Marauder, Marine  
  104  15:49  Siege Tank  
  105  15:59  Marauder x3  
  105  16:03  Marine x2  
  112  16:05  Marine  
  112  16:06  Marine  
  114  16:20  Marauder x2  
  114  16:21  Marauder  
  114  16:22  Marine  
  114  16:23  Marine  
Show
View Real Time Build Order
Export as new Build Order

Astrea Protoss - Winner!

Build Orders: 1 Gate Expand, Blink Stalkers, Colossus Rush 

Get SALT Encoding   

  12  0:00  Probe  
  13  0:12  Probe  
  14  0:16  Pylon  
  14  0:24  Probe (Chrono Boost)  
  16  0:35  Gateway  
  16  0:36  Probe (Chrono Boost)  
  16  0:43  Probe (Chrono Boost)  
  16  0:45  Assimilator  
  17  0:51  Probe  
  18  1:03  Probe  
  19  1:15  Probe  
  20  1:21  Nexus  
  20  1:31  Cybernetics Core  
  20  1:34  Probe  
  21  1:40  Assimilator  
  21  1:46  Probe  
  22  1:49  Pylon  
  22  1:58  Probe  
  23  2:04  Adept (Chrono Boost)  
  23  2:06  Probe  
  23  2:07  Warp Gate  
  25  2:14  Probe  
  26  2:21  Twilight Council  
  27  2:26  Probe (Chrono Boost)  
  28  2:30  Stalker  
  28  2:33  Probe (Chrono Boost)  
  31  2:42  Probe x2 (Chrono Boost)  
  33  2:46  Gateway  
  33  2:48  Probe  
  33  2:49  Probe  
  35  2:59  Blink (Chrono Boost)  
  35  3:00  Shield Battery  
  35  3:01  Probe  
  36  3:06  Probe  
  37  3:13  Stalker  
  37  3:15  Probe  
  37  3:18  Probe  
  41  3:22  Pylon  
  42  3:27  Probe  
  42  3:31  Robotics Facility, Probe  
  43  3:39  Probe  
  44  3:43  Probe  
  45  3:50  Nexus  
  45  3:51  Probe  
  45  3:55  Sentry, Probe  
  47  3:57  Stalker  
  47  4:02  Assimilator  
  51  4:03  Pylon  
  51  4:05  Probe  
  51  4:07  Probe, Phoenix  
  53  4:12  Assimilator  
  53  4:15  Pylon  
  53  4:17  Probe  
  53  4:21  Observer, Probe  
  56  4:24  Stalker  
  56  4:30  Probe  
  59  4:34  Pylon  
  59  4:35  Probe  
  60  4:40  Gateway, Robotics Bay  
  60  4:43  Probe  
  62  4:45  Observer  
  62  4:47  Probe  
  63  4:54  Stalker  
  63  4:56  Probe (Chrono Boost)  
  63  4:57  Stalker  
  63  4:59  Probe (Chrono Boost)  
  69  5:02  Probe (Chrono Boost)  
  69  5:06  Shield Battery  
  70  5:08  Probe (Chrono Boost)  
  70  5:10  Pylon  
  70  5:11  Probe (Chrono Boost)  
  70  5:13  Probe (Chrono Boost)  
  73  5:14  Observer  
  73  5:15  Probe (Chrono Boost)  
  73  5:16  Probe (Chrono Boost)  
  73  5:18  Probe (Chrono Boost)  
  74  5:30  Colossus (Chrono Boost)  
  74  5:31  Stalker x2  
  84  5:37  Probe x2  
  84  5:40  Probe  
  84  5:41  Assimilator  
  87  5:45  Assimilator  
  87  5:47  Sentry  
  87  5:48  Pylon  
  87  5:49  Probe  
  90  5:53  Probe  
  90  5:54  Sentry  
  90  5:55  Zealot  
  90  5:56  Probe  
  96  6:00  Pylon  
  96  6:01  Probe  
  97  6:06  Probe, Forge  
  97  6:11  Colossus (Chrono Boost), Observer  
  97  6:13  Probe  
  97  6:17  Forge x2  
  97  6:18  Probe  
  105  6:20  Dark Shrine  
  105  6:21  Charge  
  105  6:23  Gateway  
  102  6:26  Gateway  
  102  6:28  Gateway  
  102  6:30  Gateway  
  102  6:31  Gateway  
  102  6:35  Sentry  
  104  6:41  Pylon x2  
  104  6:42  Observer  
  104  6:46  Protoss Ground Weapons Level 1 (Chrono Boost)  
  104  6:47  Protoss Ground Armor Level 1 (Chrono Boost)  
  104  6:54  Colossus (Chrono Boost)  
  109  7:01  Zealot x3  
  115  7:18  Pylon  
  115  7:19  Pylon  
  115  7:20  Pylon  
  115  7:23  Stalker x6  
  120  7:37  Zealot x2  
  120  7:41  Pylon  
  118  7:46  Observer (Chrono Boost)  
  118  7:47  Shadow Stride (Chrono Boost)  
  118  7:49  Zealot x6  
  131  7:54  Pylon, Robotics Facility  
  131  7:56  Pylon  
  131  7:58  Photon Cannon  
  131  8:01  Warp Prism  
  131  8:05  Dark Templar x2  
  136  8:22  Photon Cannon  
  136  8:26  Dark Templar  
  138  8:30  Zealot x5  
  148  8:45  Zealot x2  
  148  8:46  Disruptor x2  
  142  8:51  Observer  
  140  8:59  Dark Templar x6  
  151  9:03  Protoss Ground Armor Level 2 (Chrono Boost)  
  151  9:09  Nexus  
  149  9:21  Zealot x2  
  151  9:36  Disruptor x2  
  157  9:41  Dark Templar, Zealot x2  
  157  9:42  Zealot x5  
  157  9:45  Pylon  
  173  9:46  Pylon  
  115  10:02  Zealot x7  
  111  10:13  Disruptor (Chrono Boost)  
  111  10:14  Disruptor (Chrono Boost)  
  113  10:15  Probe x3  
  112  10:23  Sentry, Dark Templar x3  
  112  10:24  Dark Templar  
  112  10:25  Zealot  
  112  10:27  Zealot  
  126  10:29  Zealot  
  126  10:30  Protoss Ground Weapons Level 2 (Chrono Boost)  
  128  10:38  Probe x3  
  128  10:40  Pylon  
  113  10:52  Stalker x4  
  117  11:03  Warp Prism (Chrono Boost)  
  117  11:07  Probe x3  
  117  11:10  Zealot  
  117  11:11  Zealot x3  
  131  11:13  Observer (Chrono Boost)  
  131  11:19  Dark Templar x3  
  131  11:22  Pylon, Dark Templar  
  139  11:33  Nexus  
  139  11:44  Colossus (Chrono Boost)  
  141  11:49  Colossus (Chrono Boost)  
  141  11:51  Stalker  
  141  11:52  Zealot x3  
  154  12:01  Stalker x3  
  157  12:15  Zealot x5  
  157  12:29  Zealot x3  
  161  12:31  Observer  
  161  12:33  Observer (Chrono Boost)  
  161  12:35  Observer (Chrono Boost)  
  163  12:40  Stalker x4  
  163  12:43  Shield Battery  
  171  12:44  Photon Cannon  
  171  12:54  Stalker  
  171  12:55  Stalker x3  
  159  13:12  Stalker x4  
  150  13:22  Dark Templar x3  
  137  13:35  Disruptor x2  
  134  13:43  Stalker x3  
  140  13:49  Probe x3  
  133  13:55  Dark Templar  
  133  13:56  Probe  
  122  14:04  Observer  
  122  14:05  Probe  
  119  14:15  Probe x2  
  119  14:20  Dark Templar x3  
  119  14:22  Zealot x3  
  131  14:25  Observer x2  
  131  14:26  Nexus  
  133  14:33  Assimilator  
  133  14:35  Pylon, Assimilator  
  133  14:37  Probe  
  133  14:38  Probe  
  126  15:17  Zealot x8  
  126  15:19  Disruptor x2  
  125  15:43  Probe x3  
  125  15:44  Probe  
  129  15:52  Stalker x8  
  145  16:01  Colossus (Chrono Boost)  
  145  16:02  Colossus (Chrono Boost)  
  157  16:12  Pylon  
  147  16:25  Sentry, Dark Templar x2, Zealot x4  
  153  16:28  Zealot  
  153  16:30  Archon  
Tags
 
Add a new tag
Caveats
  • Supply blocks, unpowered buildings, or Contaminate may cause inaccurate times.
  • Supply counts are checked every 10 seconds.